Map: Heavy Artillery LE

Players

Alebay - Winner!

  • Race: Protoss Protoss
  • Spawn Location: 7:00

MattBarry - Winner!

  • Race: Zerg Zerg
  • League: Gold
  • Spawn Location: 7:00

VOD

Have the link to the VOD?

Description

Time

  • Played on: Jan. 27, 2023, 4:35 p.m.
  • Length: 10:43
Show
View Real Time Build Order
Export as new Build Order

Alebay Protoss - Winner!

Build Orders:  

Get SALT Encoding   

  12  0:03  Probe (Chrono Boost)  
  14  0:20  Probe (Chrono Boost)  
  14  0:26  Pylon  
  14  0:37  Probe (Chrono Boost)  
  15  0:54  Probe (Chrono Boost)  
  15  0:58  Gateway  
  16  1:05  Assimilator  
  17  1:11  Probe (Chrono Boost)  
  17  1:28  Probe (Chrono Boost)  
  18  1:45  Probe (Chrono Boost)  
  20  2:02  Probe (Chrono Boost)  
  20  2:09  Nexus  
  20  2:14  Cybernetics Core  
  20  2:19  Probe (Chrono Boost)  
  21  2:27  Assimilator  
  21  2:36  Probe (Chrono Boost)  
  22  2:40  Pylon  
  22  2:53  Probe (Chrono Boost)  
  23  3:09  Probe  
  26  3:31  Robotics Facility  
  26  3:35  Probe  
  27  3:48  Gateway, Unknown  
  27  3:51  Warp Gate (Chrono Boost)  
  27  3:52  Stalker  
  27  3:53  Probe  
  27  3:54  Probe  
  31  4:10  Probe  
  31  4:11  Probe  
  33  4:28  Probe x2  
  35  4:31  Gateway  
  35  4:42  Immortal  
  35  4:46  Probe x2  
  41  5:01  Twilight Council  
  41  5:06  Stalker  
  41  5:09  Probe  
  44  5:10  Probe  
  44  5:18  Pylon  
  45  5:24  Pylon  
  45  5:26  Probe  
  46  5:43  Probe  
  46  5:45  Stalker  
  46  5:46  Stalker  
  46  5:48  Probe  
  52  6:01  Probe  
  52  6:05  Assimilator  
  52  6:08  Assimilator  
  53  6:10  Probe  
  53  6:14  Stalker  
  53  6:18  Probe  
  57  6:23  Forge  
  57  6:31  Probe  
  57  6:35  Probe  
  59  6:41  Stalker  
  61  6:50  Pylon  
  61  6:53  Pylon  
  61  6:55  Protoss Ground Weapons Level 1 (Chrono Boost), Probe  
  61  6:57  Blink (Chrono Boost)  
  62  7:22  Warp Prism  
  62  7:25  Stalker x2  
  62  7:26  Stalker  
  70  7:32  Pylon  
  70  7:34  Pylon  
  70  7:51  Forge  
  70  7:53  Gateway  
  70  8:02  Stalker x2  
  70  8:06  Stalker  
  76  8:48  Stalker x3  
  82  9:23  Pylon  
  82  9:24  Pylon  
  82  9:26  Stalker x4  
  82  9:27  Pylon  
  82  9:29  Gateway  
  90  9:31  Gateway  
  90  9:35  Gateway  
  90  10:01  Stalker  
  90  10:02  Stalker x3  
Show
View Real Time Build Order
Export as new Build Order

MattBarry Zerg - Winner!

Build Orders:  

Get SALT Encoding   

  12  0:00  Drone  
  13  0:18  Overlord  
  13  0:23  Drone  
  14  0:43  Drone  
  14  0:44  Drone  
  16  0:50  Drone  
  17  1:04  Drone  
  18  1:17  Extractor  
  17  1:20  Spawning Pool  
  17  1:28  Drone  
  17  1:38  Drone  
  18  1:59  Hatchery  
  17  2:27  Drone x3  
  20  2:43  Drone  
  21  2:58  Queen, Extractor  
  22  3:00  Overlord  
  22  3:06  Evolution Chamber  
  21  3:14  Drone  
  22  3:35  Drone  
  23  3:40  Queen  
  23  3:43  Drone x2  
  27  4:02  Drone  
  27  4:03  Drone  
  29  4:21  Drone  
  29  4:22  Drone  
  29  4:25  Queen  
  33  4:30  Pneumatized Carapace  
  33  4:37  Drone x2  
  35  4:57  Hatchery  
  34  5:03  Drone x2  
  34  5:04  Overlord x2  
  36  5:29  Metabolic Boost  
  36  5:31  Zergling x2  
  36  5:32  Zergling x4  
  36  5:34  Zergling x2  
  40  6:01  Zerg Melee Weapons Level 1  
  40  6:09  Drone x2  
  38  6:10  Drone x3  
  45  6:50  Drone  
  45  6:51  Drone x6  
  45  6:57  Extractor  
  51  7:00  Extractor  
  51  7:08  Roach Warren  
  49  7:10  Evolution Chamber  
  49  7:14  Baneling Nest  
  47  7:21  Queen  
  47  7:22  Lair  
  49  7:37  Drone x3  
  49  7:38  Drone x6  
  58  7:40  Overlord x3  
  54  8:11  Queen  
  56  8:27  Glial Reconstitution  
  56  8:32  Zergling x2  
  56  8:33  Zergling x22  
  68  8:52  Overseer  
  68  9:04  Drone  
  68  9:05  Drone x8  
  77  9:40  Spire  
  77  9:45  Infestation Pit  
  75  10:06  Zergling x2  
  75  10:07  Zergling x12  
  75  10:08  Overlord  
  75  10:09  Overlord x3  
Tags
 
League
Gold
Matchup
Co-op
Replay Pack
Multiplayer
Add a new tag
Caveats
  • Supply blocks, unpowered buildings, or Contaminate may cause inaccurate times.
  • Supply counts are checked every 10 seconds.